 Dungeon Crawl Stone Soup version 0.31-a0-237-g2d982f9f85 (webtiles) character file.

Game seed: 10929588993762257751

163 qw the Shooter (level 5, -2/41 HPs)
             Began as a Minotaur Hexslinger on July 11, 2023.
             Slain by a gnoll
             ... wielding a +0 flail
              (9 damage)
             ... on level 3 of the Dungeon.
             The game lasted 00:00:41 (1550 turns).

qw the Shooter (Minotaur Hexslinger)                Turns: 1550, Time: 00:00:41

Health: -2/41      AC:  5    Str: 12    XL:     5   Next: 20%
Magic:  5/5        EV: 11    Int: 10    God:
Gold:   101        SH:  0    Dex: 15    Spells: 5/6 levels left

rFire   . . .        Y - +1 sling
rCold   . . .        (no shield)
rNeg    . . .        e - +0 ring mail
rPois   .            (helmet restricted)
rElec   .            (no cloak)
rCorr   .            (no gloves)
SInv    .            (no boots)
Will    .....        a - amulet of faith
Stlth   +            (no ring)
HPRegen 0.26/turn    (no ring)
MPRegen 0.09/turn

%: faith
@: lethally poisoned (-2 -> -3)
A: horns 2, retaliatory headbutt
a: no special abilities


You were on level 3 of the Dungeon.
You visited 1 branch of the dungeon, and saw 3 of its levels.

You collected 101 gold pieces.


Innate Abilities, Weirdness & Mutations

You have a pair of horns on your head.
You reflexively headbutt those who attack you in melee.


   Skills:
 + Level 2.1 Fighting
 - Level 5.3 Ranged Weapons
 - Level 2.1 Armour
 - Level 2.1 Dodging
 - Level 1.0 Spellcasting
 - Level 2.0 Hexes


You had 5 spell levels left.
You knew the following spells:

 Your Spells              Type           Power      Damage    Failure   Level
a - Slow                  Hex            16%        N/A       32%         1

Your spell library contained the following spells:

 Spells                   Type           Power      Damage    Failure   Level
 Inner Flame              Hex/Fire       2%         N/A       83%         3
 Portal Projectile        Hex/Tloc       4%         N/A       83%         3
 Cause Fear               Hex            2%         N/A       97%         4

Inventory:

Hand Weapons
 Y - a +1 sling (weapon)
Armour
 e - a +0 ring mail (worn)
Jewellery
 a - an amulet of faith (around neck)
Scrolls
 b - a scroll of identify
Potions
 d - a potion of curing {unknown}
 f - a potion of haste {unknown}
 g - a potion of might {unknown}
 h - a potion of cancellation

Dungeon Overview and Level Annotations

Branches:
Dungeon (3/15)

Altars:
Qazlal
Yredelemnul


Message History

You shoot a sling bullet.
The sling bullet closely misses the gnoll.
The sling bullet barely misses the jackal.
The gnoll hits you with a +0 flail.
The jackal bites you but does no damage.
You shoot a sling bullet.
The sling bullet closely misses the gnoll.
The sling bullet closely misses the jackal.
The gnoll hits you with a +0 flail.
The jackal bites you but does no damage.
The adder barely misses you.
You shoot a sling bullet.
The sling bullet hits the gnoll but does no damage.
The gnoll is lightly wounded.
The jackal barely misses you. The gnoll hits you but does no damage.
The adder bites you.
The jackal bites you but does no damage.
The gnoll hits you with a +0 flail.
You shoot a sling bullet.
The sling bullet hits the gnoll but does no damage.
The gnoll is lightly wounded.
The jackal misses you. You furiously retaliate!
You headbutt the jackal!
You kill the jackal!
The adder bites you but does no damage. The gnoll hits you with a +0 flail!
The adder bites you but does no damage.
You shoot a sling bullet.
The sling bullet barely misses the gnoll.
The sling bullet hits the jackal.
You kill the jackal!
The adder bites you. The gnoll barely misses you.
An adder comes into view.
The adder bites you.
You are poisoned.
The adder poisons you!
You shoot a sling bullet.
The sling bullet barely misses the gnoll.
The sling bullet closely misses the jackal.
The adder hisses angrily.
You feel sick. The gnoll hits you with a +0 flail!
You die...

.._.......###.##
...¤¤~~.#.# #...
#^(.#~#~#.# #..
¤...###^#.###..
#¤. #.#...#.####
^.#..##....####
#.#..)#.......###
#>#........S....##
#..##...@%.....#
#..##.###g####..
#...#.#


Jh. ##.##.# ....# ...#.# ....# .. #.. .....S ## #.. #####.. #.. .. You could see
a gnoll, 2 adders, an endoplasm and a jackal.

Vanquished Creatures
  A hound (D:3)
  2 scorpion zombies (D:3)
  4 adders
  A dart slug (D:1)
  2 ball pythons
  6 endoplasms
  2 giant cockroaches
  4 goblins
  4 hobgoblins
  2 jackals (D:3)
  A kobold (D:1)
  2 quokkas (D:1)
  5 bats
  2 frilled lizards
  2 rats
40 creatures vanquished.

Notes
Turn   | Place    | Note
-------+----------+-------------------------------------------
     0 | D:1      | qw the Minotaur Hexslinger began the quest for the Orb.
     0 | D:1      | Reached XP level 1. HP: 16/16 MP: 1/1
     0 | D:1      | 0 ||| qw: Version: 0.3-a-52-g30416fa
     0 | D:1      | 0 ||| qw: Game counter: 5595
     0 | D:1      | 0 ||| qw: Melee chars always use a shield: true
     0 | D:1      | 0 ||| qw: God list: Okawaru
     0 | D:1      | 0 ||| qw: Allow faded altars: false
     0 | D:1      | 0 ||| qw: Do Orc after clearing Dungeon:15 true
     0 | D:1      | 0 ||| qw: Do second Lair branch before Depths: true
     0 | D:1      | 0 ||| qw: Lair rune preference: random
     0 | D:1      | 0 ||| qw: Goals: Normal
     0 | D:1      | 0 ||| PLANNING D:1-11
   122 | D:1      | 122 ||| FLEEEEING.
   123 | D:1      | 123 ||| FLEEEEING.
   125 | D:1      | 125 ||| FLEEEEING.
   128 | D:1      | 128 ||| FLEEEEING.
   164 | D:1      | Reached skill level 3 in Ranged Weapons
   180 | D:1      | Reached XP level 2. HP: 23/23 MP: 2/2
   696 | D:1      | 696 ||| READING scroll labelled KUITITU QUEPEN.
   697 | D:1      | 697 ||| READING scroll labelled POIREX QYSEM.
   698 | D:1      | 698 ||| DROPPING scroll of poison.
   803 | D:2      | Reached XP level 3. HP: 29/29 MP: 3/3
   885 | D:2      | You fall into a shaft and drop 1 floor!
   905 | D:3      | 905 ||| UPGRADING to +0 ring mail.
   915 | D:3      | 915 ||| DROPPING +0 robe.
   916 | D:3      | 916 ||| UPGRADING to amulet of faith.
   921 | D:3      | 921 ||| READING scroll labelled DIXUXTENLA.
  1005 | D:2      | Reached skill level 4 in Ranged Weapons
  1056 | D:2      | Found a faded altar of an unknown god.
  1217 | D:2      | 1217 ||| READING scroll labelled SERRID UXAODA.
  1218 | D:2      | 1218 ||| DRINKING 2 brown potions.
  1323 | D:3      | Reached XP level 4. HP: 22/36 MP: 4/4
  1422 | D:3      | Found a basalt altar of Yredelemnul.
  1506 | D:3      | Found a stormy altar of Qazlal.
  1544 | D:3      | Reached skill level 5 in Ranged Weapons
  1544 | D:3      | Reached XP level 5. HP: 33/41 MP: 5/5
  1549 | D:3      | HP: 10/41 [adder (4)]
  1550 | D:3      | Slain by a gnoll

Levels and vault maps discovered:
D:1:      minmay_arrival_shattered_statue, layout_loops_cross
D:2:      layout_rooms, serial_forest, infiniplex_forest_lined_corner,
          infiniplex_forest_clump_long, infiniplex_forest_clump_C,
          infiniplex_forest_lined_2, infiniplex_forest_clump_diagonal,
          shapermc_ecumenical_altar_rom_forum
D:3:      minmay_recursive_quarters, layout_loops_ring, grunt_qazlal_sundering,
          lemuel_zombie_altar_yredelemnul, grunt_decor_junction, uniq_robin

Skill      XL: |  1  2  3  4 |
---------------+-------------+-----
Ranged Weapons | 3 4 5 |  5.3
Fighting       | 2 |  2.1
Armour         | 2 |  2.1
Dodging        | |  2.1
Spellcasting   | |  1.0
Hexes          | |  2.0

Action                     |  1- 3 |  4- 6 || total
---------------------------+-------+-------++-------
   Fire: Sling             |   103 |    46 ||   149
    Use: Scroll            |     4 |       ||     4
         Potion            |     1 |       ||     1
 Armour: Robe              |     6 |       ||     6
         Ring mail         |    11 |    19 ||    30
  Dodge: Dodged            |    26 |    16 ||    42

Table legend:
 A = Non-vault XP
 B = Vault XP
 C = Vault XP percentage of total XP
 D = Non-vault monster count
 E = Vault monster count
 F = Vault count percentage of total count
                 A         B        C        D         E       F
            +---------+---------+-------+---------+---------+-------
      Total |     113 |     121 |  51.7 |      36 |       4 |  10.0
            +---------+---------+-------+---------+---------+-------
        D:1 |      33 |       0 |   0.0 |      18 |       0 |   0.0
        D:2 |      38 |       0 |   0.0 |       8 |       0 |   0.0
        D:3 |      42 |     121 |  74.2 |      10 |       4 |  28.6
            +---------+---------+-------+---------+---------+-------
